 Dungeon Crawl Stone Soup version 0.32-a0-18-g89e19f1974 (webtiles) character file.

Game seed: 7524246213268353151

28447 AlmostDecent the Severer (level 13, -2/117 HPs)
             Began as a Green Draconian Fighter on Jan 17, 2024.
             Was a Priest of Ashenzari.
             Slain by an eight-headed hydra (8 damage)
             ... on level 4 of the Lair of Beasts.
             The game lasted 00:44:00 (13483 turns).

AlmostDecent the Severer (Green Draconian Fighter) Turns: 13483, Time: 00:44:00

Health: -2/117     AC:  9    Str: 31    XL:     13   Next: 9%
Magic:  13/13      EV: 17    Int: 11    God:    Ashenzari [***...]
Gold:   1821       SH:  6    Dex: 16    Spells: 12/12 levels left

rFire   + + .        p - +2 spear of Darkness {venom, rC+ Str+2}
rCold   + + +        b - +0 buckler "Soothsayer of Ashenzari" {Cun, Sorc} (curse)
rNeg    . . .        (body armour unavailable)
rPois   +            P - +0 hat "Share My Gnosis" {rF++ Str+5 Stlth-, Melee, Sorc} (curse)
rElec   .            H - +0 cloak "Chained Jealousy" {Bglg, Dev} (curse)
rCorr   .            (no gloves)
SInv    +            (no boots)
Will    .....        (no amulet)
Stlth   +++          k - ring of Ashenzari's Sorrow {Wiz rPois rC+++ Will- Int+2, Melee, Cun} (curse)
HPRegen 0.39/turn    C - ring of Ashenzari's Soothsayer {Dex+6, Bglg, Self} (curse)
MPRegen 0.13/turn

%: clarity, wizardry (x1)
@: mighty, about to teleport
A: breathe noxious fumes, AC +8, unfitting armour, poison resistance,
cold-blooded
a: Breathe Noxious Fumes, Renounce Religion, Shatter the Chains


You were on level 4 of the Lair of Beasts.
You worshipped Ashenzari.
Ashenzari was most pleased with you.
You visited 3 branches of the dungeon, and saw 17 of its levels.
You also visited: Gauntlet.

You collected 1821 gold pieces.

Inventory:

Hand Weapons
 a - a +0 war axe
 f - a +1 morningstar of flaming
 p - the +2 spear of Darkness (weapon) {venom, rC+ Str+2}
   (You found it on level 3 of the Dungeon)

   Str+2:     It affects your strength (+2).
   rC+:       It protects you from cold.
 B - a +2 trident of draining
 G - a +4 quarterstaff of chaos
 I - a +0 orcbow of freezing
 K - a +2 broad axe of chaos
 N - a +1 broad axe of distortion
Missiles
 O - 5 throwing nets (quivered)
Armour
 b - the cursed +0 buckler "Soothsayer of Ashenzari" (worn) {Cun, Sorc}

   It has a curse which improves the following skills: Cunning: Dodging and
   Stealth.
   Sorcery:   Conjurations and Alchemy.
 r - a +2 buckler
 H - the cursed +0 cloak "Chained Jealousy" (worn) {Bglg, Dev}
   (You took it off Crazy Yiuf on level 6 of the Dungeon)

   It has a curse which improves the following skills: Beguiling: Hexes and
   Translocations.
   Devices:   Evocations and Shapeshifting.
 P - the cursed +0 hat "Share My Gnosis" (worn) {rF++ Str+5 Stlth-, Melee, Sorc}
   (You acquired it on level 8 of the Dungeon)

   Str+5:     It affects your strength (+5).
   rF++:      It greatly protects you from fire.
   Stlth-:    It makes you less stealthy.
   It has a curse which improves the following skills: Melee Combat: Short
   Blades, Long Blades, Axes, Maces & Flails, Polearms, Staves and Unarmed
   Combat.
   Sorcery:   Conjurations and Alchemy.
Jewellery
 e - a ring of willpower
 k - the cursed ring of Ashenzari's Sorrow (left hand) {Wiz rPois rC+++ Will- Int+2, Melee, Cun}
   (You found it on level 2 of the Dungeon)

   [ring of wizardry]

   Wiz:       It improves your spell success rate.
   Int+2:     It affects your intelligence (+2).
   rC+++:     It renders you almost immune to cold.
   rPois:     It protects you from poison Will-: It decreases your willpower.
   It has a curse which improves the following skills: Melee Combat: Short
   Blades, Long Blades, Axes, Maces & Flails, Polearms, Staves and Unarmed
   Combat.
   Cunning:   Dodging and Stealth.
 u - a ring of magical power
 y - a +4 ring of protection
 C - the cursed ring of Ashenzari's Soothsayer (right hand) {Dex+6, Bglg, Self}
   (You found it on level 5 of the Dungeon)

   [ring of dexterity]

   Dex+6:     It affects your dexterity (+6).
   It has a curse which improves the following skills: Beguiling: Hexes and
   Translocations.
   Introspection: Fighting and Spellcasting.
 Q - a ring of fire
Talismans
 F - a dragon-blood talisman
Wands
 h - a wand of polymorph (8)
 v - a wand of paralysis (14)
 D - a wand of roots (14)
 J - a wand of digging (11)
 S - a wand of flame (6)
Scrolls
 c - 6 scrolls of revelation
 i - 2 scrolls of fog
 m - 3 scrolls of teleportation
 o - a scroll of amnesia
 q - 2 scrolls of vulnerability
 s - 7 scrolls of immolation
 t - 6 scrolls of enchant armour
 w - 2 scrolls of poison
 x - 3 scrolls of fear
 A - a scroll of silence
 L - a scroll of summoning
Potions
 d - a potion of mutation
 g - 2 potions of brilliance
 j - 2 potions of curing
 l - 2 potions of lignification
 n - a potion of resistance
 z - a potion of invisibility
 E - a potion of enlightenment
 M - a potion of ambrosia


   Skills:
 + Level 10.4(11.8) Fighting
 * Level 17.3(19.3) Axes
 + Level 0.1 Throwing
 + Level 7.7(10.0) Dodging
 + Level 5.7(7.9) Stealth
 + Level 6.9 Shields


You had 12 spell levels left.
You didn't know any spells.
Your spell library contained the following spells:

 Spells                   Type           Power      Damage    Failure   Level
 Apportation              Tloc           0%         N/A       14%         1
 Shock                    Conj/Air       0%         1d3       16%         1
 Jinxbite                 Hex            0%         N/A       21%         2
 Ensorcelled Hibernation  Hex/Ice        0%         N/A       22%         2
 Scorch                   Fire           0%         2d5       24%         2
 Tukima's Dance           Hex            0%         N/A       38%         3
 Fugue of the Fallen      Necr           0%         N/A       41%         3
 Passwall                 Erth           0%         N/A       41%         3
 Swiftness                Air            0%         N/A       41%         3
 Dimensional Bullseye     Hex/Tloc       0%         N/A       77%         4
 Iskenderun's Mystic Bla  Conj/Tloc      0%         2d3       77%         4
 Anguish                  Hex/Necr       0%         N/A       78%         4
 Flame Wave               Conj/Fire      0%         2d4       78%         4
 Airstrike                Air            0%         2d(0-16)  80%         4
 Animate Dead             Necr           0%         N/A       80%         4
 Alistair's Intoxication  Alch           0%         N/A       98%         5
 Summon Cactus Giant      Summ           0%         N/A       100%        6
 Haunt                    Necr/Summ      0%         N/A       100%        7
 Infestation              Necr           0%         N/A       100%        8


Dungeon Overview and Level Annotations

Branches:
Dungeon (11/15)            Temple (1/1) D:5            Lair (5/5) D:8
  Snake (0/4) Lair:2          Orc (0/2) D:10        Gauntlet (visited)
  Swamp: Lair:2-3    Shoals: Lair:2-3     Slime: Lair:4-5

Altars:
Ashenzari
Cheibriados
Dithmenos
Elyvilon
Fedhas
Gozag
Hepliaklqana
Kikubaaqudgha
Makhleb
Nemelex Xobeh
Okawaru
Qazlal
Ru
Sif Muna
Trog
Uskayaw
Vehumet
Wu Jian
Xom
Yredelemnul
Zin
The Shining One
Ignis

Shops:
D:10 [

Annotations:
D:4 2 runed translucent doors, Sweetruy1997's ghost, amateur DgFE
D:5 2 transporters, Azoth's ghost, amateur DrSh


Innate Abilities, Weirdness & Mutations

You can breathe blasts of noxious fumes.
Your lurid green scales are hard. (AC +8)
You cannot fit into any form of body armour.
Your system is resistant to poisons. (rPois)
You are cold-blooded and may be slowed by cold attacks.


Message History

You slash the death yak! You burn the death yak. The death yak gores you.
* * * LOW HITPOINT WARNING * * *
The death yak closely misses you.
Okay, then.
Blink to where?
Press: ? - help, Dir - move target An eight-headed hydra comes into view.
As you read the scroll of blinking, it crumbles to dust.
The eight-headed hydra roars!
As you read the scroll of teleportation, it crumbles to dust.
You feel strangely unstable.
Your surroundings suddenly seem different.
A yak comes into view.
A yak comes into view. x2
There are monsters nearby!
The yak bellows!
A yak comes into view.
As you read the scroll of teleportation, it crumbles to dust.
You feel strangely unstable.
The yak bellows! x2
You feel stronger.
The +2 spear of Darkness {venom, rC+ Str+2} begins to drip with poison!
p - the +2 spear of Darkness (weapon)
{venom, rC+ Str+2} Throw: 6 throwing nets
Press: ? - help, Q - select action, (/) - cycle Shift-Dir - straight line, f - eight-headed hydra
Aim: an eight-headed hydra (80% to hit)
You throw a throwing net.
The throwing net barely misses the eight-headed hydra.
You are too injured to fight recklessly!
You puncture the eight-headed hydra!
Your tail-slap misses the eight-headed hydra.
The eight-headed hydra is lightly wounded.
The eight-headed hydra bites you.
* * * LOW HITPOINT WARNING * * *
The eight-headed hydra bites you!
* * * LOW HITPOINT WARNING * * *
You block the eight-headed hydra's attack.
The eight-headed hydra closely misses you.
The eight-headed hydra bites you!
You die...

# ##.......P..# ....
.##P.....(....###... ..
...............#...##.##
..............##.......#
...Y...........#P.YY....
..................Y....
.†§/..[................
.Y.............D.Y#
....>.........##@##
######..#PP####### ###


You could see an eight-headed hydra and 4 yaks.

Vanquished Creatures
  Josephine (Lair:3)
  Harold (D:9)
  2 two-headed ogres
  7 death yaks
  Lodul (D:10)
  An ugly thing (D:10)
  2 manticores
  A black mamba (Lair:1)
  2 cane toads (Lair:1)
  Jeremiah (D:8)
  Maggie (D:9)
  2 komodo dragons (Lair:1)
  3 kobold demonologists (D:11)
  A rime drake (Lair:1)
  A troll (D:10)
  A polar bear (Lair:2)
  7 blink frogs
  Prince Ribbit (D:9)
  4 shadows
  A human (D:10)
  25 yaks
  4 wraiths
  A wyvern (Lair:1)
  3 steam dragons
  3 basilisks (Lair:1)
  2 wargs (D:10)
  4 nagas (Lair:2)
  An acid dragon (D:10)
  13 water moccasins
  A sky beast (D:6)
  3 orc warriors
  12 ogres
  2 black bears
  An ice beast (D:6)
  2 laughing skulls (D:8)
  3 centaurs
  3 kobold brigands
  A gnoll sergeant (D:9)
  5 bullfrogs
  3 scorpions
  3 wights (D:9)
  3 killer bees
  4 electric eels
  3 bombardier beetles
  3 hounds
  12 orc priests
  2 jellies
  Crazy Yiuf (D:6)
  2 iguanas (D:5)
  16 orc wizards
  4 hell rats (Lair:1)
  11 gnolls
  8 adders
  A white imp (D:5)
  4 ufetubi (D:7)
  2 dart slugs
  3 ribbon worms
  42 orcs
  2 ball pythons
  An endoplasm (D:1)
  A giant cockroach (D:2)
  9 hobgoblins
  5 jackals
  8 quokkas
  5 bats
  4 frilled lizards
  8 goblins
  18 kobolds
  5 rats (D:2)
323 creatures vanquished.

Notes
Turn   | Place    | Note
-------+----------+-------------------------------------------
     0 | D:1      | AlmostDecent the Draconian Fighter began the quest for the
                  | Orb.
     0 | D:1      | Reached XP level 1. HP: 19/19 MP: 1/1
   237 | D:1      | Reached XP level 2. HP: 21/26 MP: 2/2
  1204 | D:2      | Identified the +3 chain mail "Fowovuge" {Harm MP-9 Dex+5}
  1238 | D:2      | Reached XP level 3. HP: 33/33 MP: 3/3
  1381 | D:2      | Found a faded altar of an unknown god.
  1399 | D:2      | Reached skill level 3 in Axes
  1518 | D:2      | Identified the ring of Ceishron {Wiz rPois rC+++ Will-
                  | Int+2}
  1783 | D:2      | Reached XP level 4. HP: 32/40 MP: 4/4
  1965 | D:3      | Reached skill level 4 in Axes
  1982 | D:3      | Reached XP level 5. HP: 35/46 MP: 5/5
  2051 | D:3      | Identified the +2 spear of Darkness {venom, rC+ Str+2}
  2952 | D:4      | Reached skill level 5 in Axes
  2977 | D:4      | Reached XP level 6. HP: 37/52 MP: 6/6
  3141 | D:4      | Found a runed translucent door.
  3148 | D:4      | Noticed Sweetruy1997's ghost (amateur DgFE)
  3199 | D:4      | Found a sparkling altar of Nemelex Xobeh.
  3352 | D:4      | Found a runed translucent door.
  3403 | D:4      | Found a shimmering altar of Xom.
  3587 | D:4      | Noticed a water moccasin
  3599 | D:4      | Killed a water moccasin
  3600 | D:4      | Reached skill level 6 in Axes
  3713 | D:5      | Entered Level 5 of the Dungeon
  3726 | D:5      | Your scales start taking on a lurid green colour.
  3726 | D:5      | Reached XP level 7. HP: 60/60 MP: 7/7
  3726 | D:5      | Gained mutation: Your system is resistant to poisons.
                  | (rPois) [Green Draconian growth]
  3754 | D:5      | Reached skill level 1 in Stealth
  3770 | D:5      | HP: 2/60 [orc priest/nerve-wracking pain (5)]
  3974 | D:5      | Found a transporter.
  3974 | D:5      | Noticed Azoth's ghost (amateur DrSh)
  3975 | D:5      | Found a transporter.
  4039 | D:5      | Reached skill level 7 in Axes
  4050 | D:5      | Reached skill level 5 in Fighting
  4125 | D:5      | Found an ornate altar of the Wu Jian Council.
  4496 | D:5      | Reached XP level 8. HP: 68/68 MP: 8/8
  4562 | D:5      | Found an opulent altar of Gozag.
  4726 | D:5      | Found a staircase to the Ecumenical Temple.
  4733 | Temple   | Entered the Ecumenical Temple
  4747 | Temple   | Became a worshipper of Ashenzari the Shackled
  4904 | D:6      | Reached skill level 8 in Axes
  5125 | D:6      | Reached skill level 9 in Axes
  5477 | D:6      | Found a runed translucent door.
  5478 | D:6      | Noticed Crazy Yiuf
  5564 | D:6      | Killed Crazy Yiuf
  6095 | D:7      | Found a radiant altar of Vehumet.
  6200 | D:7      | Reached XP level 9. HP: 41/75 MP: 9/9
  6205 | D:7      | Reached skill level 10 in Axes
  7004 | D:7      | Found a snail-covered altar of Cheibriados.
  7445 | D:8      | Noticed Jeremiah
  7525 | D:8      | Killed Jeremiah
  7789 | D:8      | Reached * piety under Ashenzari
  7789 | D:8      | Identified 2 scrolls of acquirement
  7790 | D:8      | Acquired the +0 hat "Owniuk" {rF++ Str+5 Stlth-}
  7886 | D:8      | Noticed a death yak
  8137 | D:7      | Reached skill level 12 in Axes
  8137 | D:7      | Reached XP level 10. HP: 88/88 MP: 10/10
  8138 | D:7      | Acquired 893 gold pieces
  8205 | D:8      | Killed a death yak
  8370 | D:8      | Found a staircase to the Lair.
  8372 | D:8      | Noticed a death yak
  8372 | D:8      | Noticed a death yak
  8373 | D:8      | Noticed a death yak
  8374 | D:8      | Noticed a death yak
  8374 | D:8      | Noticed a death yak
  8385 | D:8      | Killed a death yak
  8391 | D:8      | Killed a death yak
  8392 | D:8      | Reached skill level 13 in Axes
  8395 | D:8      | Killed a death yak
  8396 | D:8      | Reached XP level 11. HP: 72/95 MP: 11/11
  8399 | D:8      | Killed a death yak
  8402 | D:8      | Killed a death yak
  8795 | D:8      | Noticed a two-headed ogre
  8805 | D:8      | Killed a two-headed ogre
  9247 | D:8      | You fall into a shaft and drop 3 floors!
  9288 | D:11     | Found a gate leading to a gauntlet.
  9298 | D:11     | Reached skill level 14 in Axes
  9357 | Gauntlet | Entered a Gauntlet
  9357 | Gauntlet | Noticed a sixfirhy
  9357 | Gauntlet | Found a transporter.
  9361 | Gauntlet | Found a transporter.
  9364 | Gauntlet | Found a transporter.
  9370 | Gauntlet | Noticed an arcanist
  9372 | Gauntlet | Found a transporter.
  9376 | Gauntlet | Found a transporter.
  9384 | Gauntlet | Found a transporter.
  9385 | Gauntlet | Reached ** piety under Ashenzari
  9389 | Gauntlet | Found a transporter.
  9393 | Gauntlet | Found a runed translucent door.
  9393 | Gauntlet | Noticed an arcanist
  9394 | Gauntlet | Noticed an occultist
  9395 | Gauntlet | Found a runed translucent door.
  9396 | Gauntlet | Identified the ring of Arofof {AC+4 Str+3}
  9397 | Gauntlet | Found a transporter.
  9401 | Gauntlet | Found a transporter.
  9403 | Gauntlet | Noticed a glowing orange brain
  9408 | Gauntlet | Noticed a brown ugly thing
  9409 | Gauntlet | Found a transporter.
  9409 | Gauntlet | Noticed a glowing orange brain
  9430 | Gauntlet | Found a transporter.
  9442 | Gauntlet | Found a transporter.
  9454 | Gauntlet | Found a transporter.
  9466 | Gauntlet | Found a transporter.
  9529 | D:10     | Entered Level 10 of the Dungeon
  9853 | D:10     | Found a staircase to the Orcish Mines.
 10060 | D:10     | Noticed Lodul
 10068 | D:10     | Reached skill level 15 in Axes
 10078 | D:10     | Killed Lodul
 10193 | D:10     | Found a burning altar of Makhleb.
 10230 | D:10     | Found a shadowy altar of Dithmenos.
 10290 | D:10     | Noticed a purple ugly thing
 10294 | D:10     | Reached skill level 5 in Stealth
 10298 | D:10     | Reached XP level 12. HP: 79/104 MP: 12/12
 10436 | D:10     | Found an iron altar of Okawaru.
 10543 | D:10     | Reached *** piety under Ashenzari
 10559 | D:10     | Found Hitwitos's Antique Armour Emporium.
 10768 | D:9      | Found a basalt altar of Yredelemnul.
 10794 | D:9      | Noticed Maggie
 10802 | D:9      | Killed Maggie
 10827 | D:9      | Noticed Harold
 10851 | D:9      | Killed Harold
 10995 | D:9      | Noticed Prince Ribbit
 11011 | D:9      | Killed Prince Ribbit
 11389 | D:9      | Reached skill level 16 in Axes
 11569 | D:9      | Noticed a two-headed ogre
 11577 | D:9      | Killed a two-headed ogre
 11865 | Lair:1   | Entered Level 1 of the Lair of Beasts
 12099 | Lair:1   | Reached skill level 10 in Fighting
 12786 | Lair:2   | Found a staircase to the Snake Pit.
 13033 | Lair:2   | Reached skill level 17 in Axes
 13432 | Lair:3   | Noticed Josephine
 13439 | Lair:3   | Reached XP level 13. HP: 99/117 MP: 13/13
 13442 | Lair:3   | Killed Josephine
 13449 | Lair:3   | You fall into a shaft and drop 2 floors!
 13449 | Lair:5   | Entered Level 5 of the Lair of Beasts
 13483 | Lair:4   | Slain by an eight-headed hydra

Illustrated notes

Levels and vault maps discovered:
D:1:      dpeg_arrival_circle_labyrinth_c, layout_basic
D:2:      layout_basic, hellmonk_ecumenical_altar_pennies_from_heaven
D:3:      layout_basic
D:4:      layout_cave_pools, regret_index_xom_buried_treasure,
          mainiacjoe_overflow_cross_hatched, ebering_ghost_sewer_f
D:5:      layout_loops_ring, nicolae_wu_jian_wuxing_cycle,
          nicolae_gozag_cash_rules_everything_around_me,
          minmay_temple_entry_purple_smoke, gammafunk_ghost_arena
D:6:      layout_loops_ring, uniq_crazy_yiuf_cottage
D:7:      layout_basic, vehumet_crystals, nicolae_overflow_crystal_walls,
          kennysheep_generic_room_7
D:8:      layout_rooms, dpeg_lair_monsters, serial_bayou_lagoon_b, uniq_jeremiah
D:9:      layout_gridville, mainiacjoe_overflow_alcove_4, minmay_misc_feat_room,
          uniq_maggie, uniq_harold, uniq_prince_ribbit1
D:10:     layout_irregular_city, grunt_dithmenos_shadows,
          mainiacjoe_overflow_six_doors_small, kennysheep_little_box,
          erik_orc_4, serial_bayou, serial_bayou_pond_b, serial_bayou_pond_d,
          serial_bayou_crossing, serial_bayou_pond_a, serial_bayou_pond_a,
          serial_shops, nicolae_shop_pleasant_corner_grove,
          minmay_misc_feat_four_crosses, minmay_misc_feat_columns,
          grunt_potential, uniq_lodul
D:11:     layout_stronghold, gauntlet_entry_generic, minivault_5,
          grunt_ministairs_14
Temple:   ebering_untended_altars
Lair:1:   layout_misc_corridors, grunt_megastairs_1
Lair:2:   layout_misc_corridors, minmay_snake_entry_guardpost_small
Lair:3:   layout_regular_city, shoals_dummy_entry, minmay_stone_trees_small,
          uniq_josephine
Lair:4:   layout_gridlike, slime_entry_1
Lair:5:   gammafunk_lair_ancient_temple, layout_regular_city

Skill      XL: |  1  2  3  4  5  6  7  8  9 10 11 12 |
---------------+-------------------------------------+-----
Axes           | 3 4 5 6 7 9 12 13 15 17 | 17.3
Dodging        | 3 4 6 7 |  7.7
Fighting       | 4 5 8 9 10 | 10.4
Stealth        | 1 4 5 |  5.7
Shields        | 4 6 |  6.9
Throwing       | |  0.1

Action                     |  1- 3 |  4- 6 |  7- 9 | 10-12 | 13-15 || total
---------------------------+-------+-------+-------+-------+-------++-------
  Melee: War axe           |   127 |   127 |   176 |       |       ||   430
         Tailslap          |     8 |    12 |    27 |    62 |     6 ||   115
         Broad axe         |       |       |    73 |   384 |    17 ||   474
         Spear             |       |       |       |       |     1 ||     1
  Throw: Throwing net      |       |       |     3 |       |     1 ||     4
 Invoke: Curse Item        |       |       |     2 |     3 |       ||     5
    Use: Potion            |       |     3 |     6 |     7 |       ||    16
         Scroll            |       |       |     3 |     5 |     3 ||    11
   Stab: Sleeping          |       |     1 |     1 |     5 |       ||     7
         Confused          |       |       |       |     6 |       ||     6
         Petrifying        |       |       |       |     2 |       ||     2
         Paralysed         |       |       |       |     2 |       ||     2
 Armour: Skin              |    65 |    81 |   212 |   184 |    15 ||   557
  Dodge: Dodged            |    81 |    86 |   128 |   211 |    13 ||   519
  Block: Buckler           |    30 |    39 |    47 |    82 |     5 ||   203

Table legend: (Time is in decaauts)
 A = Elapsed time spent in this place.
 B = Non-inter-level travel time spent in this place.
 C = Inter-level travel time spent in this place.
 D = Time resting spent in this place.
 E = Time spent auto-exploring this place.
 F = Levels seen in this place.
 G = Mean time per level.
                   A        B        C        D        E       F      G
               +--------+--------+--------+--------+--------+-----+--------+
         Total |  13488 |  12951 |    537 |    512 |  10167 |  18 |  749.3 |
       Dungeon |  11746 |  11260 |    486 |    512 |   8860 |  11 | 1067.8 |
        Temple |     26 |      4 |     22 |      0 |      0 |   1 |   26.0 |
          Lair |   1584 |   1556 |     28 |      0 |   1307 |   5 |  316.8 |
      Gauntlet |    130 |    130 |      0 |      0 |      0 |   1 |  130.0 |
               +--------+--------+--------+--------+--------+-----+--------+

Top non-repeatable levels by time:
     D:7: 1678 daAuts
     D:8: 1635 daAuts
    D:10: 1231 daAuts
     D:6: 1132 daAuts
     D:1: 1130 daAuts
     D:3: 1048 daAuts
     D:5: 1018 daAuts
     D:9: 949 daAuts
     D:4: 948 daAuts
  Lair:1: 892 daAuts
     D:2: 825 daAuts
  Lair:2: 646 daAuts
    D:11: 146 daAuts
Gauntlet: 130 daAuts
  Temple: 26 daAuts
